 Dungeon Crawl Stone Soup version 0.31-a0-833-gc15d34cb79 (webtiles) character file.

Game seed: 2789719872440301113

5 Kurtz the Shield-Bearer (level 1, 16/16 HPs)
             Began as an Octopode Fighter on Sept 25, 2023.
             Was a Follower of the Shining One.
             Quit the game on level 1 of the Dungeon.
             The game lasted 00:00:13 (219 turns).

Kurtz the Shield-Bearer (Octopode Fighter)           Turns: 219, Time: 00:00:14

Health: 16/16      AC:  1    Str: 15    XL:     1   Next: 80%
Magic:  1/1        EV: 13    Int: 10    God:    the Shining One [*.....]
Gold:   61         SH:  4    Dex: 11    Spells: 0/0 levels left

rFire   . . .        a - +0 war axe
rCold   . . .        b - +0 buckler
rNeg    . . .        (helmet restricted)
rPois   .            (no amulet)
rElec   .            (no ring)
rCorr   .            (no ring)
SInv    .            (no ring)
Will    .....        (no ring)
Stlth   +            (no ring)
HPRegen 0.22/turn    (no ring)
MPRegen 0.07/turn    (no ring)
                     (no ring)

%: no passive effects
@: glowing
A: almost no armour, amphibious, 8 rings, camouflage 1, gelatinous body 1,
(nimble swimmer 1), tentacles
a: Renounce Religion, Divine Shield


You were on level 1 of the Dungeon.
You worshipped the Shining One.
The Shining One was aware of your devotion.
You visited 1 branch of the dungeon, and saw 1 of its levels.

You collected 61 gold pieces.

Inventory:

Hand Weapons
 a - a +0 war axe (weapon)
Armour
 b - a +0 buckler (worn)
Scrolls
 d - a scroll of amnesia {unknown}
 e - a scroll of enchant armour {unknown}
Potions
 c - a potion of might
 f - a potion of brilliance {unknown}


   Skills:
 - Level 3.0 Fighting
 * Level 2.5 Axes
 - Level 3.0 Dodging
 - Level 3.0 Shields


You couldn't memorise any spells.
You didn't know any spells.
Your spell library was empty.

Dungeon Overview and Level Annotations

Branches:
Dungeon (1/15)

Altars:
The Shining One


Innate Abilities, Weirdness & Mutations

You cannot wear most types of armour.
You are amphibious.
You can wear up to eight rings at the same time.
Your skin changes colour to match your surroundings (Stealth+).
Your rubbery body absorbs attacks. (AC +1, EV +1)
((You are camouflaged when in or above water. (Stealth+)))
You have tentacles for arms and can constrict up to eight enemies at once.


Message History

A hobgoblin is nearby!
You slash the hobgoblin!
You kill the hobgoblin!
No target in view!
You see here a hobgoblin corpse.
The great orb of eyes turns its gaze towards you.
f - a yellow potion No reachable target in view!
The floating eye turns its gaze towards you.
Found 5 stones.
No reachable target in view!
You now have 46 gold pieces (gained 11).
Key pressed, stopping explore.
No reachable target in view!
No reachable target in view!
You now have 61 gold pieces (gained 15).
A kobold comes into view. It is wielding a +0 dagger.
A kobold is nearby!
A kobold is nearby!
A kobold is nearby!
The helpless kobold fails to defend itself.
You hit the kobold. You grab the kobold.
The kobold is heavily wounded.
You constrict the kobold, but do no damage.
You block the kobold's attack. The kobold misses you.
You slash the kobold!
You kill the kobold!
No target in view!
No target in view!
Search for what [? for help]? alt The floating eye turns its gaze towards you.
There is a faded altar of an unknown god here.
This altar belongs to (a) Makhleb, (b) the Shining One or (c) Uskayaw, but you can't tell which.
Press the corresponding letter to learn more about a god, or press enter to convert or escape to cancel.
The Shining One accepts your prayer! The Shining One welcomes you!
You and your allies can now gain power from killing the unholy and evil.
You can now call upon the Shining One for a divine shield.
Unknown command.
Press < or > to pray at altars.
Are you sure you want to abandon this character and quit the game? (Confirm with "yes".)

##.. ###########.#
.................#.#
.#.....##.#######.#.#
(........# ####.#.# .
###...###.####......#
#.#G#...#G#......##.###
#.###...###............
##...........#####.#####
.......@.....# #.#
#............# #.#
#..###...###.# #.# #.
#G#...#G#.## #.#
#..###...###..# #.#
#.............# #.#
#.####.##.###.# #.#
#.†..# #.####.#####
#.######...........


You could see 3 great orbs of eyes and a floating eye.

Vanquished Creatures
  A hobgoblin (D:1)
  A kobold (D:1)
  A quokka (D:1)
  A bat (D:1)
  A frilled lizard (D:1)
5 creatures vanquished.

Notes
Turn   | Place    | Note
-------+----------+-------------------------------------------
     0 | D:1      | Kurtz the Octopode Fighter began the quest for the Orb.
     0 | D:1      | Reached XP level 1. HP: 16/16 MP: 1/1
   138 | D:1      | Noticed a great orb of eyes
   139 | D:1      | Noticed a great orb of eyes
   141 | D:1      | Found a faded altar of an unknown god.
   145 | D:1      | Noticed a great orb of eyes
   150 | D:1      | Noticed a floating eye
   218 | D:1      | Prayed at the altar of an unknown god.
   218 | D:1      | Became a worshipper of the Shining One
   218 | D:1      | Reached * piety under the Shining One
   219 | D:1      | Quit the game

Illustrated notes

Levels and vault maps discovered:
D:1:      elethiomel_arrival_infinity_welcomes_careful_drivers,
          layout_loops_ring, hellmonk_ecumenical_altar_watching_god

Action                     || total
---------------------------++-------
  Melee: War axe           ||    10
         Constrict         ||     2
   Stab: Sleeping          ||     3
 Armour: Skin              ||     2
  Dodge: Dodged            ||     7
  Block: Buckler           ||     1

Table legend: (Time is in decaauts)
 A = Elapsed time spent in this place.
 B = Non-inter-level travel time spent in this place.
 C = Inter-level travel time spent in this place.
 D = Time resting spent in this place.
 E = Time spent auto-exploring this place.
 F = Levels seen in this place.
 G = Mean time per level.
                   A        B        C        D        E       F      G
               +--------+--------+--------+--------+--------+-----+--------+
         Total |    223 |    195 |     28 |      0 |    154 |   1 |  223.0 |
       Dungeon |    223 |    195 |     28 |      0 |    154 |   1 |  223.0 |
               +--------+--------+--------+--------+--------+-----+--------+

Top non-repeatable levels by time:
     D:1: 223 daAuts
